 Dungeon Crawl Stone Soup version 0.23.2-1-ga50397a (webtiles) character file.

Game seed: 7124572617631336618

761 teukkam the Covered (level 7, 0/63 HPs)
             Began as a Minotaur Fighter on May 14, 2019.
             Was an Initiate of Gozag.
             Killed from afar by an orc wizard (1 damage)
             ... with a magic dart
             ... on level 6 of the Dungeon.
             The game lasted 00:15:25 (3608 turns).

teukkam the Covered (Minotaur Fighter)              Turns: 3608, Time: 00:15:26

Health: 0/63       AC: 11    Str: 27    XL:     7   Next: 51%
Magic:  6/6        EV:  6    Int:  5    God:    Gozag
Gold:   61         SH: 11    Dex: 13    Spells: 6/6 levels left

rFire    + . .     SeeInvis .   a - +0 dagger "Ukuicaol" {pierce, Fragile Dex+3}
rCold    . . .     Gourm    .   e - +0 shield
rNeg     . . .     Faith    .   k - +0 chain mail {rF+}
rPois    .         Spirit   .   (helmet restricted)
rElec    .         Reflect  .   i - +0 cloak
rCorr    .         Harm     .   (no gloves)
MR       .....                  (no boots)
Stlth    ..........             (no amulet)
HPRegen  0.20/turn              (no ring)
MPRegen  0.10/turn              (no ring)

@: mighty, lethally poisoned (0 -> -6)
A: retaliatory headbutt, horns 2
a: Potion Petition, Call Merchant, Bribe Branch, Renounce Religion


You were on level 6 of the Dungeon.
You worshipped Gozag.
Gozag was noncommittal.
You were not hungry.

You visited 2 branches of the dungeon, and saw 7 of its levels.

You collected 444 gold pieces.
You spent 341 gold pieces at shops.
You paid 42 gold pieces to Gozag.

Inventory:

Hand Weapons
 a - the +0 dagger "Ukuicaol" (weapon) {pierce, Fragile Dex+3}
   (You bought it in a shop on level 6 of the Dungeon)

   It inflicts extra damage upon your enemies.
   It affects your dexterity (+3).
   It will be destroyed if unequipped.
 c - a +0 hand axe of flaming
 r - a +0 war axe
 w - a +0 dagger of holy wrath
 A - a +3 dagger of venom
Missiles
 g - 38 sling bullets
 h - 165 stones (quivered)
 p - 19 poisoned needles
Armour
 e - a +0 shield (worn)
 i - a +0 cloak (worn)
 k - a +0 chain mail of fire resistance (worn)
Jewellery
 v - an uncursed ring of ice
Wands
 l - a wand of paralysis (7)
 n - a wand of acid (10)
 o - a wand of flame (42)
 t - a wand of polymorph (5)
 y - a wand of random effects (24)
Scrolls
 m - a scroll of immolation
 s - a scroll of teleportation
 x - a scroll of enchant weapon
 z - 2 scrolls of identify
Potions
 b - 3 potions of curing
 j - 2 potions of berserk rage
 q - a potion of heal wounds
Comestibles
 f - 5 rations


   Skills:
 + Level 6.1 Fighting
 + Level 3.6 Short Blades
 - Level 3.5 Axes
 + Level 6.2 Armour
 + Level 6.1 Shields


You had 6 spell levels left.
You didn't know any spells.
Your spell library was empty.

Dungeon Overview and Level Annotations

Branches:
Dungeon (6/15)             Temple (1/1) D:4

Altars:
Ashenzari
Dithmenos
Elyvilon
Gozag
Hepliaklqana
Makhleb
Okawaru
Qazlal
Sif Muna
Vehumet
Wu Jian
Yredelemnul
The Shining One

Shops:
D:6 [(*:

Annotations:
D:3 1 runed translucent door, Aske's ghost, amateur GrGl


Innate Abilities, Weirdness & Mutations

You reflexively headbutt those who attack you in melee.
You have a pair of horns on your head.


Message History

* * * LOW HITPOINT WARNING * * *
You block the water moccasin's attack.
The water moccasin bites you but does no damage.
You feel very mighty all of a sudden. The water moccasin barely misses you.
The phantom barely misses you.
You miss the water moccasin.
The water moccasin is almost dead.
You block the water moccasin's attack. You block the phantom's attack.
You block the water moccasin's attack.
You closely miss the water moccasin.
The water moccasin is almost dead.
The water moccasin bites you.
* * * LOW HITPOINT WARNING * * *
You are lethally poisoned!
The water moccasin poisons you!
The phantom hits you but does no damage.
A magic dart appears from out of thin air!
The magic dart hits you.
You die...
Your body crumbles into a pile of gold.

...............##.#
..................##
......##...........#
......# #..........#
....>.. .........##
.<...... ........##
. ........#
........##
....#..@.##
....#..SW.#
.......#..#####
.......#w..#..###
................#
.......#.#..#.....
#####....$$## ..##
#.##....# .#
#........# #


You could see a phantom, a water moccasin and a worm.

Vanquished Creatures
  A phantom (D:6)
  An ice beast (D:5)
  Blork the orc (D:5)
  2 hounds
  2 orc priests
  4 orc wizards
  2 worker ants
  A hound skeleton (D:4)
  7 gnolls (D:3)
  7 adders
  An ooze (D:1)
  2 worms
  A dart slug (D:3)
  6 leopard geckos
  3 orcs
  A ball python (D:2)
  9 bats
  2 giant cockroaches (D:1)
  3 hobgoblins
  3 jackals (D:3)
  A quokka (D:2)
  9 frilled lizards
  8 goblins
  9 kobolds
  A leopard gecko skeleton (D:4)
  3 rats (D:2)
90 creatures vanquished.

Vanquished Creatures (others)
  2 withered plants (D:3)
2 creatures vanquished.

Grand Total: 92 creatures vanquished

Notes
Turn   | Place    | Note
-------+----------+-------------------------------------------
     0 | D:1      | teukkam the Minotaur Fighter began the quest for the Orb.
     0 | D:1      | Reached XP level 1. HP: 19/19 MP: 0/0
   186 | D:1      | Reached XP level 2. HP: 27/27 MP: 1/1
   629 | D:2      | Reached XP level 3. HP: 31/33 MP: 2/2
   758 | D:2      | Found a shadowy altar of Dithmenos.
   780 | D:2      | Reached XP level 4. HP: 40/40 MP: 3/3
  1088 | D:4      | Reached skill level 1 in Short Blades
  1353 | D:4      | Reached XP level 5. HP: 45/47 MP: 4/4
  1363 | D:4      | Found a staircase to the Ecumenical Temple.
  1371 | Temple   | Entered the Ecumenical Temple
  1386 | Temple   | Became a worshipper of Gozag Ym Sagoz the Greedy
  1791 | D:3      | Found an iron altar of Okawaru.
  1840 | D:3      | Reached skill level 5 in Fighting
  1840 | D:3      | Reached skill level 5 in Armour
  1840 | D:3      | Reached skill level 5 in Shields
  2001 | D:3      | Found a runed translucent door.
  2002 | D:3      | Noticed Aske's ghost (amateur GrGl)
  2388 | D:3      | Reached XP level 6. HP: 46/56 MP: 5/5
  2523 | D:5      | Entered Level 5 of the Dungeon
  2546 | D:5      | Noticed Blork the orc
  2554 | D:5      | Killed Blork the orc
  2570 | D:5      | Noticed an ice beast
  2610 | D:5      | Killed an ice beast
  2610 | D:5      | Reached XP level 7. HP: 17/62 MP: 6/6
  3067 | D:5      | Found a burning altar of Makhleb.
  3071 | D:5      | Found a deep blue altar of Sif Muna.
  3077 | D:5      | Found a shattered altar of Ashenzari.
  3084 | D:5      | Found a white marble altar of Elyvilon.
  3086 | D:5      | Found a shadowy altar of Dithmenos.
  3179 | D:6      | Found Woqetih's Antique Weapon Shop.
  3382 | D:6      | Bought a shimmering dagger for 154 gold pieces
  3382 | D:6      | Identified the cursed +0 dagger "Ukuicaol" {pierce, Fragile
                  | Dex+3} (You bought it in a shop on level 6 of the Dungeon)
  3397 | D:6      | Found Xuteciz's Antique Armour Shoppe.
  3410 | D:6      | Bought a glowing chain mail for 157 gold pieces
  3446 | D:6      | Found Gefogg's General Store.
  3519 | D:6      | Bought a potion of curing for 30 gold pieces
  3555 | D:6      | Found Fuakebew's Book Emporium.
  3608 | D:6      | HP: 1/63 [water moccasin (6)]
  3608 | D:6      | Killed from afar by an orc wizard

Skill      XL: |  1  2  3  4  5  6  7 |
---------------+----------------------+-----
Fighting       | 4 5 6 |  6.1
Armour         | 4 5 6 |  6.2
Shields        | 4 5 6 |  6.1
Axes           | 3 |  3.5
Short Blades   | 1 2 3 |  3.6

Action                   |  1- 3 |  4- 6 |  7- 9 || total
-------------------------+-------+-------+-------++-------
Melee: War axe           |    99 |    20 |       ||   119
       Headbutt          |    12 |    20 |    13 ||    45
       Dagger            |       |   112 |    69 ||   181
       Hand axe          |       |    30 |       ||    30
  Use: Scroll            |       |     6 |     1 ||     7
       Potion            |       |     4 |     1 ||     5
  Eat: Chunk             |       |     1 |       ||     1
       Ration            |       |     2 |     1 ||     3
Armor: Scale mail        |    64 |    69 |     8 ||   141
       Chain mail        |       |       |    18 ||    18
Dodge: Dodged            |    40 |    40 |    14 ||    94
Block: Shield            |    73 |    73 |    25 ||   171
